[ AOE2 MATCH · #468625485 ]
1v1 RMBulgarians vs Romans
Player's team · LOSS
Rival team · WIN
[ REPLAY ANALYSIS · EXTRACTED FROM THE RECORDED GAME ]
Feudal
9:50
Castle
21:51
Imperial
—
| APM avg | 47.6 |
| APM peak | 97 |
| eAPM avg | 21.2 |
| Villagers / military | 81 / 46 |
Focus
⚔️ 37.7% · 🌾 62.3%
Archer ×22 · Konnik ×17 · Militia ×3 · Mangonel ×3 · Monk ×1
Feudal
8:36
Castle
19:44
Imperial
45:23
| APM avg | 39.0 |
| APM peak | 94 |
| eAPM avg | 16.3 |
| Villagers / military | 72 / 110 |
Focus
⚔️ 33.5% · 🌾 66.5%
Militia ×63 · Spearman ×25 · Battering Ram ×15 · Scorpion ×4 · Mangonel ×2 · Trebuchet (Packed) ×1
Match map
Initial resources + every placement click. Lines = walls · curves = elevation contours. ◆ gold · ⬟ stone · ● berries · ✦ relic · ◌ wall gap
Your base· Open — unwalled flank
HumPs's base· Open — unwalled flank
Smoothed initial terrain · ◌ = detected wall gap · hover for details
Inputs per minute
— mrcexaoe2 - - HumPs
Build order — mrcexaoe2
First 150 of 229 actions detected
| 0:00 | Create | Villager (Male) |
| 0:00 | Create | Villager (Male) |
| 0:00 | Create | Villager (Male) |
| 0:02 | Build | House |
| 0:03 | Build | House |
| 0:10 | Create | Villager (Male) |
| 1:30 | Create | Villager (Male) |
| 1:44 | Build | Lumber Camp |
| 1:51 | Create | Villager (Male) |
| 2:10 | Create | Villager (Male) |
| 2:10 | Create | Villager (Male) |
| 2:42 | Research | Loom |
| 3:28 | Create | Villager (Male) |
| 3:48 | Create | Villager (Male) |
| 4:03 | Build | House |
| 4:05 | Build | Palisade Wall |
| 4:11 | Create | Villager (Male) |
| 4:39 | Create | Villager (Male) |
| 4:57 | Create | Villager (Male) |
| 4:58 | Create | Villager (Male) |
| 4:58 | Create | Villager (Male) |
| 5:18 | Build | Mill |
| 5:41 | Create | Villager (Male) |
| 5:41 | Create | Villager (Male) |
| 6:08 | Build | House |
| 6:09 | Build | Palisade Wall |
| 6:42 | Create | Villager (Male) |
| 6:58 | Create | Villager (Male) |
| 7:40 | Research | Feudal Age |
| 7:40 | Research | Feudal Age |
| 8:27 | Build | Barracks |
| 9:03 | Build | Palisade Wall |
| 9:13 | Build | House |
| 9:15 | Create | Villager (Male) |
| 9:19 | Build | Palisade Wall |
| 9:50 | Age | Feudal Age |
| 9:52 | Build | Mining Camp |
| 9:54 | Create | Militia |
| 9:55 | Create | Militia |
| 9:55 | Create | Militia |
| 9:57 | Create | Villager (Male) |
| 9:58 | Create | Villager (Male) |
| 10:03 | Build | House |
| 10:44 | Create | Villager (Male) |
| 10:47 | Build | Farm |
| 10:51 | Build | Farm |
| 10:53 | Build | Farm |
| 11:29 | Create | Villager (Male) |
| 11:30 | Create | Villager (Male) |
| 11:45 | Create | Villager (Male) |
| 11:47 | Build | Farm |
| 11:48 | Build | Farm |
| 12:34 | Build | Farm |
| 13:01 | Create | Villager (Male) |
| 13:04 | Build | Archery Range |
| 13:09 | Build | House |
| 13:16 | Build | Palisade Wall |
| 13:19 | Create | Villager (Male) |
| 13:24 | Build | Farm |
| 13:58 | Create | Villager (Male) |
| 14:04 | Create | Archer |
| 14:05 | Create | Archer |
| 14:13 | Create | Villager (Male) |
| 14:42 | Create | Villager (Male) |
| 14:46 | Build | Blacksmith |
| 14:53 | Create | Villager (Male) |
| 14:57 | Create | Archer |
| 15:07 | Create | Villager (Male) |
| 15:12 | Create | Archer |
| 15:24 | Research | Fletching |
| 15:25 | Create | Archer |
| 15:28 | Build | Farm |
| 15:40 | Create | Archer |
| 15:51 | Build | Mining Camp |
| 15:59 | Create | Villager (Male) |
| 16:08 | Build | Farm |
| 16:10 | Create | Archer |
| 16:18 | Build | House |
| 16:29 | Create | Villager (Male) |
| 16:31 | Create | Archer |
| 16:40 | Create | Archer |
| 16:40 | Create | Archer |
| 16:43 | Build | House |
| 16:47 | Build | Palisade Wall |
| 16:50 | Build | Palisade Wall |
| 16:51 | Build | Palisade Wall |
| 16:54 | Create | Archer |
| 16:58 | Create | Villager (Male) |
| 16:58 | Create | Villager (Male) |
| 17:11 | Build | Lumber Camp |
| 17:20 | Create | Archer |
| 17:20 | Create | Archer |
| 17:57 | Create | Archer |
| 17:57 | Create | Archer |
| 18:31 | Create | Archer |
| 18:31 | Create | Archer |
| 19:11 | Research | Castle Age |
| 19:11 | Research | Castle Age |
| 19:18 | Build | Farm |
| 19:23 | Build | Archery Range |
| 19:30 | Research | Padded Archer Armor |
| 19:35 | Build | House |
| 20:18 | Create | Archer |
| 20:18 | Create | Archer |
| 20:34 | Build | House |
| 20:36 | Build | House |
| 20:39 | Create | Archer |
| 20:59 | Create | Villager (Male) |
| 21:06 | Create | Archer |
| 21:06 | Create | Archer |
| 21:09 | Build | Farm |
| 21:11 | Research | Double-Bit Axe |
| 21:12 | Research | Horse Collar |
| 21:19 | Build | Archery Range |
| 21:26 | Build | Farm |
| 21:35 | Build | House |
| 21:36 | Build | House |
| 21:51 | Age | Castle Age |
| 21:54 | Research | Bodkin Arrow |
| 22:02 | Build | Krepost |
| 22:19 | Research | Scale Barding Armor |
| 22:54 | Build | Lumber Camp |
| 22:58 | Create | Konnik |
| 23:04 | Build | Farm |
| 23:05 | Build | Farm |
| 23:25 | Build | Farm |
| 23:27 | Build | Farm |
| 23:30 | Build | Farm |
| 23:33 | Build | Farm |
| 23:34 | Create | Konnik |
| 23:50 | Create | Konnik |
| 24:04 | Build | Farm |
| 24:08 | Build | Farm |
| 24:09 | Build | Farm |
| 24:14 | Create | Villager (Male) |
| 24:14 | Create | Villager (Male) |
| 24:18 | Create | Konnik |
| 24:26 | Build | Farm |
| 24:32 | Create | Konnik |
| 24:42 | Build | Farm |
| 24:45 | Build | Farm |
| 25:09 | Build | Mining Camp |
| 25:10 | Create | Villager (Male) |
| 25:11 | Create | Villager (Male) |
| 27:34 | Build | Town Center |
| 27:47 | Build | Krepost |
| 28:06 | Create | Konnik |
| 28:18 | Create | Villager (Male) |
| 28:18 | Create | Villager (Male) |
| 28:18 | Create | Villager (Male) |
Build order — HumPs
First 150 of 223 actions detected
| 0:01 | Create | Villager (Male) |
| 0:01 | Create | Villager (Male) |
| 0:02 | Create | Villager (Male) |
| 0:03 | Build | House |
| 0:05 | Build | House |
| 0:38 | Create | Villager (Male) |
| 1:25 | Create | Villager (Male) |
| 2:00 | Create | Villager (Male) |
| 2:06 | Build | Lumber Camp |
| 2:10 | Create | Villager (Male) |
| 2:43 | Create | Villager (Male) |
| 3:06 | Create | Villager (Male) |
| 3:14 | Build | House |
| 3:38 | Create | Villager (Male) |
| 3:38 | Create | Villager (Male) |
| 3:39 | Create | Villager (Male) |
| 4:23 | Create | Villager (Male) |
| 4:43 | Create | Villager (Male) |
| 5:17 | Build | Barracks |
| 5:20 | Build | Palisade Wall |
| 5:24 | Create | Villager (Male) |
| 5:30 | Research | Loom |
| 5:56 | Build | House |
| 6:26 | Research | Feudal Age |
| 6:46 | Create | Militia |
| 7:13 | Create | Militia |
| 7:33 | Build | Mill |
| 7:42 | Build | Mining Camp |
| 7:48 | Create | Militia |
| 8:00 | Build | Palisade Wall |
| 8:36 | Age | Feudal Age |
| 8:49 | Create | Villager (Male) |
| 9:03 | Research | Double-Bit Axe |
| 9:05 | Create | Villager (Male) |
| 9:07 | Build | Mill |
| 9:12 | Build | House |
| 9:38 | Create | Villager (Male) |
| 9:41 | Build | Farm |
| 9:42 | Build | Farm |
| 9:55 | Research | Man-at-Arms (upgrade) |
| 10:32 | Create | Villager (Male) |
| 10:37 | Build | Blacksmith |
| 10:40 | Create | Villager (Male) |
| 11:20 | Research | Scale Mail Armor |
| 11:30 | Create | Villager (Male) |
| 12:21 | Create | Villager (Male) |
| 12:25 | Create | Villager (Male) |
| 12:34 | Create | Militia |
| 12:34 | Create | Militia |
| 12:41 | Build | Farm |
| 12:42 | Build | Farm |
| 12:43 | Build | Farm |
| 12:47 | Build | Farm |
| 12:48 | Build | Farm |
| 12:49 | Build | Farm |
| 12:50 | Create | Villager (Male) |
| 12:53 | Create | Militia |
| 13:13 | Build | Farm |
| 13:14 | Build | Farm |
| 13:16 | Build | Farm |
| 13:20 | Create | Villager (Male) |
| 13:36 | Build | House |
| 13:40 | Research | Horse Collar |
| 13:52 | Create | Militia |
| 14:12 | Create | Villager (Male) |
| 14:13 | Create | Villager (Male) |
| 14:18 | Build | Farm |
| 14:25 | Create | Villager (Male) |
| 14:27 | Create | Militia |
| 14:30 | Create | Militia |
| 14:38 | Build | Farm |
| 14:48 | Build | House |
| 14:52 | Build | House |
| 15:29 | Create | Villager (Male) |
| 15:44 | Build | Market |
| 15:47 | Create | Villager (Male) |
| 15:50 | Build | Farm |
| 16:32 | Create | Villager (Male) |
| 17:04 | Research | Castle Age |
| 17:43 | Research | Forging |
| 17:59 | Create | Villager (Male) |
| 18:02 | Build | Barracks |
| 18:21 | Create | Militia ×5 |
| 19:09 | Create | Militia ×5 |
| 19:16 | Build | House |
| 19:44 | Age | Castle Age |
| 19:47 | Research | Chain Mail Armor |
| 19:48 | Research | Squires |
| 19:55 | Build | Siege Workshop |
| 20:07 | Research | Long Swordsman (upgrade) |
| 20:15 | Build | Farm |
| 20:16 | Build | Farm |
| 20:30 | Create | Battering Ram |
| 20:39 | Create | Scorpion |
| 20:41 | Build | House |
| 21:12 | Create | Scorpion |
| 21:16 | Create | Militia ×5 |
| 21:17 | Create | Villager (Male) |
| 21:17 | Create | Villager (Male) |
| 21:26 | Build | Mill |
| 22:19 | Research | Iron Casting |
| 22:22 | Create | Militia |
| 22:26 | Build | House |
| 22:27 | Build | House |
| 22:28 | Build | House |
| 22:28 | Build | House |
| 22:54 | Create | Villager (Male) |
| 23:03 | Create | Battering Ram |
| 23:06 | Create | Militia ×4 |
| 23:16 | Create | Villager (Male) |
| 23:55 | Create | Battering Ram |
| 23:59 | Create | Villager (Male) |
| 24:12 | Create | Militia ×2 |
| 24:13 | Create | Villager (Male) |
| 24:29 | Create | Militia ×3 |
| 24:30 | Create | Villager (Male) |
| 25:14 | Build | House |
| 25:42 | Build | Mining Camp |
| 26:15 | Create | Villager (Male) |
| 26:20 | Build | Farm |
| 26:32 | Create | Villager (Male) |
| 26:32 | Create | Villager (Male) |
| 26:36 | Build | Lumber Camp |
| 26:43 | Create | Villager (Male) |
| 27:15 | Create | Scorpion |
| 27:17 | Create | Villager (Male) |
| 27:33 | Create | Militia ×4 |
| 27:50 | Create | Villager (Male) |
| 27:56 | Create | Battering Ram |
| 28:08 | Build | House |
| 28:13 | Build | House |
| 28:15 | Build | House |
| 28:25 | Build | Farm |
| 28:26 | Build | Farm |
| 28:26 | Build | Farm |
| 28:28 | Create | Villager (Male) |
| 29:08 | Create | Battering Ram |
| 29:10 | Create | Militia ×4 |
| 29:33 | Create | Battering Ram |
| 29:36 | Create | Militia ×2 |
| 30:11 | Create | Militia ×3 |
| 30:28 | Create | Battering Ram |
| 30:31 | Create | Villager (Male) |
| 30:59 | Create | Militia ×3 |
| 31:02 | Create | Villager (Male) |
| 31:13 | Build | Farm |
| 31:13 | Build | Farm |
| 31:14 | Build | Farm |
| 31:14 | Build | Farm |
| 31:14 | Build | Farm |
Match timeline
| 4:05 | mrcexaoe2 · wall_segment Palisade Wall x3 |
| 5:17 | HumPs · first_building Barracks |
| 5:20 | HumPs · wall_segment Palisade Wall x1 |
| 6:09 | mrcexaoe2 · wall_segment Palisade Wall x5 |
| 8:00 | HumPs · wall_segment Palisade Wall x3 |
| 8:27 | mrcexaoe2 · first_building Barracks |
| 8:36 | HumPs · age_up feudal |
| 9:03 | mrcexaoe2 · wall_segment Palisade Wall x17 |
| 9:19 | mrcexaoe2 · wall_segment Palisade Wall x1 |
| 9:50 | mrcexaoe2 · age_up feudal |
| 13:04 | mrcexaoe2 · first_building Archery Range |
| 13:16 | mrcexaoe2 · wall_segment Palisade Wall x1 |
| 16:47 | mrcexaoe2 · wall_segment Palisade Wall x1 |
| 16:50 | mrcexaoe2 · wall_segment Palisade Wall x1 |
| 16:51 | mrcexaoe2 · wall_segment Palisade Wall x1 |
| 16:55 | HumPs · first_market_sell 100 stone |
| 17:01 | HumPs · first_market_buy 100 food |
| 19:44 | HumPs · age_up castle |
| 19:55 | HumPs · first_building Siege Workshop |
| 21:51 | mrcexaoe2 · age_up castle |
| 22:02 | mrcexaoe2 · first_building Krepost |
| 33:00 | mrcexaoe2 · first_building Siege Workshop |
| 33:28 | mrcexaoe2 · first_market_sell 100 wood |
| 38:31 | mrcexaoe2 · first_building Monastery |
| 40:46 | mrcexaoe2 · first_building Castle |
| 43:08 | HumPs · first_building Castle |
| 45:23 | HumPs · age_up imperial |
| 45:30 | mrcexaoe2 · resign |
[ AI ANALYSIS · 1 CREDIT ]
What really happened in this match?
Wolo.gg analyzes every decision: build order, eco, micro, common mistakes by bracket. Personalized analysis on WhatsApp or Discord in 30 seconds.
Civ guide
Bulgarians
Map guide
Arabia
Perfil
Jugador #2906863